 Dungeon Crawl Stone Soup version 0.31-a0-1178-gc5c9b8f871 (webtiles) character file.

Game seed: 17153576825854740347

11673 qw the Skirmisher (level 11, -7/68 HPs)
             Began as a Gargoyle Hunter on Dec 11, 2023.
             Was a High Priest of Okawaru.
             Mangled by a skeletal warrior
             ... wielding a +0 hand axe
              (17 damage)
             ... on level 9 of the Dungeon.
             The game lasted 00:04:22 (8298 turns).

qw the Skirmisher (Gargoyle Hunter)                 Turns: 8298, Time: 00:04:22

Health: -7/68      AC: 22    Str: 16    XL:     11   Next: 81%
Magic:  18/18      EV: 15    Int:  9    God:    Okawaru [*****.]
Gold:   868        SH:  5    Dex: 27    Spells: 10/10 levels left

rFire   . . .        d - +0 orcbow
rCold   . . .        (shield currently unavailable)
rNeg    + . .        t - +1 acid dragon scales
rPois   inf          n - +0 helmet
rElec   +            g - +2 cloak
rCorr   +            (no gloves)
SInv    .            o - +0 pair of boots
Will    .....        c - amulet of reflection
Stlth   ++           h - +6 ring of dexterity
HPRegen 0.31/turn    m - ring "Obodi" {Wiz rPois Dex+4}
MPRegen 0.16/turn

%: reflection, wizardry (x1)
@: no status effects
A: sickness immunity, AC +8, negative energy resistance 1, electricity
resistance, torment resistance 1, petrification resistance
a: Renounce Religion, Heroism, Finesse, Duel


You were on level 9 of the Dungeon.
You worshipped Okawaru.
Okawaru was extremely pleased with you.
You visited 2 branches of the dungeon, and saw 10 of its levels.

You collected 868 gold pieces.


Innate Abilities, Weirdness & Mutations

You are immune to sickness and miasma.
Your stone body is resilient. (AC +8)
You are immune to poison.
You resist negative energy. (rN+)
You are resistant to electric shocks. (rElec)
You are resistant to unholy torment.
You are immune to petrification.


   Skills:
 + Level 8.0 Fighting
 - Level 13.0 Ranged Weapons
 - Level 5.0 Armour
 - Level 5.0 Dodging
 - Level 1.1 Stealth
 - Level 10.0 Invocations


You had 10 spell levels left.
You didn't know any spells.
Your spell library was empty.

Inventory:

Hand Weapons
 d - a +0 orcbow (weapon)
Armour
 b - a +3 leather armour
 g - a +2 cloak (worn)
 n - a +0 helmet (worn)
 o - a +0 pair of boots (worn)
 t - +1 acid dragon scales (worn)
Jewellery
 c - an amulet of reflection (around neck)
 h - a +6 ring of dexterity (left hand)
 m - the ring "Obodi" (right hand) {Wiz rPois Dex+4}
   (You found it on level 5 of the Dungeon)

   [ring of wizardry]

   Wiz:       It improves your spell success rate.
   Dex+4:     It affects your dexterity (+4).
   rPois:     It protects you from poison
Wands
 j - a wand of digging (9)
 q - a wand of light (3)
Scrolls
 a - 2 scrolls of identify
Potions
 e - a potion of enlightenment {unknown}
 f - a potion of cancellation
 i - 2 potions of mutation
 k - a potion of might
 l - a potion of curing

Dungeon Overview and Level Annotations

Branches:
Dungeon (9/15)             Temple (1/1) D:5
   Lair: D:8-11         Orc: D:9-12

Altars:
Ashenzari
Cheibriados
Dithmenos
Elyvilon
Fedhas
Gozag
Hepliaklqana
Makhleb
Nemelex Xobeh
Okawaru
Qazlal
Ru
Sif Muna
Trog
Uskayaw
Vehumet
Wu Jian
Xom
Yredelemnul
Zin
The Shining One

Annotations:
D:4 1 runed translucent door, Crazy Yiuf


Message History

You shoot an arrow.
The arrow hits the skeletal warrior but does no damage.
The skeletal warrior is moderately damaged.
The skeletal warrior hits you but does no damage.
You shoot an arrow.
The arrow barely misses the skeletal warrior.
You shoot an arrow.
The arrow closely misses the skeletal warrior.
The skeletal warrior hits you with a +0 hand axe.
You shoot an arrow.
The arrow hits the skeletal warrior but does no damage.
The skeletal warrior is moderately damaged.
The skeletal warrior closely misses you.
You shoot an arrow.
The arrow closely misses the skeletal warrior.
The skeletal warrior hits you with a +0 hand axe.
You shoot an arrow.
The arrow hits the skeletal warrior but does no damage.
The skeletal warrior is moderately damaged.
The skeletal warrior closely misses you.
You shoot an arrow.
The arrow hits the skeletal warrior but does no damage.
The skeletal warrior is moderately damaged.
The skeletal warrior hits you with a +0 hand axe!
You shoot an arrow.
The arrow closely misses the skeletal warrior.
The skeletal warrior hits you with a +0 hand axe!
You shoot an arrow.
The arrow closely misses the skeletal warrior.
The skeletal warrior hits you with a +0 hand axe.
You shoot an arrow.
The arrow barely misses the skeletal warrior.
You shoot an arrow. The arrow hits the skeletal warrior.
The skeletal warrior is moderately damaged.
You block the skeletal warrior's attack.
You shoot an arrow.
The arrow hits the skeletal warrior but does no damage.
The skeletal warrior is moderately damaged.
The skeletal warrior hits you with a +0 hand axe!
You die...

......#..#......#
......#..#......#
......#..[......#
......#..##....##
....###..##....## ###
....#...........# .....
....#...........# ....'
....##########.########..#
................@z....#..#######
#####.#########.#####..........#
##.......###.[.....##......>...#
#..##.##..#..[###...#..........#
#.##...##.#.....##..#..........#
#.#.....#.#.#....##.#..........#
..#...[.#...#.....#...#..####..#
#.#..?..#.#.##....###.#'#####'##
#.##...##.#..##.)[(##..........#


You could see a skeletal warrior.

Vanquished Creatures
  2 centaur warriors (D:9)
  2 two-headed ogres
  A deep elf pyromancer (D:9)
  Maurice (D:7)
  2 cyclopes (D:9)
  A freezing wraith (D:9)
  2 trolls (D:9)
  Grinder (D:4)
  Sigmund (D:2)
  9 yaks
  6 wyverns (D:9)
  A wraith (D:9)
  A shadow (D:9)
  2 vampire mosquitoes (D:9)
  4 steam dragons
  6 acid dragons
  3 water moccasins
  An ice beast (D:6)
  2 black bears (D:6)
  3 orc warriors
  2 centaurs
  4 phantoms
  A kobold brigand (D:9)
  3 bullfrogs
  2 gnoll sergeants (D:9)
  6 wights
  A killer bee (D:9)
  4 howler monkeys
  A jelly (D:4)
  2 orc priests
  3 hounds
  A sleepcap (D:5)
  3 iguanas
  8 orc wizards
  Robin (D:4)
  4 gnolls (D:6)
  3 adders
  2 white imps (D:6)
  2 ufetubi (D:7)
  3 worms (D:2)
  A dart slug (D:2)
  32 orcs
  8 endoplasms
  2 giant cockroaches
  16 goblins
  11 hobgoblins
  17 jackals
  11 kobolds
  3 quokkas
  6 ball pythons
  2 bats (D:3)
  A frilled lizard (D:2)
  3 rats
220 creatures vanquished.

Notes
Turn   | Place    | Note
-------+----------+-------------------------------------------
     0 | D:1      | qw the Gargoyle Hunter began the quest for the Orb.
     0 | D:1      | Reached XP level 1. HP: 12/12 MP: 1/1
     0 | D:1      | 0 ||| qw: Version: 0.3-a-106-g2cfff9e
     0 | D:1      | 0 ||| qw: Game counter: 1998
     0 | D:1      | 0 ||| qw: Melee chars always use a shield: true
     0 | D:1      | 0 ||| qw: God list: Okawaru
     0 | D:1      | 0 ||| qw: Allow faded altars: false
     0 | D:1      | 0 ||| qw: Do Orc after clearing Dungeon:15 true
     0 | D:1      | 0 ||| qw: Do second Lair branch before Depths: true
     0 | D:1      | 0 ||| qw: Lair rune preference: random
     0 | D:1      | 0 ||| qw: Goals: Normal, Save, Zot:1-4, Win
     0 | D:1      | 0 ||| PLANNING D:1-11
   136 | D:1      | Reached XP level 2. HP: 17/17 MP: 2/2
   570 | D:1      | Found a faded altar of an unknown god.
   817 | D:1      | 817 ||| READING scroll labelled GOTOTE VOSK.
   817 | D:1      | 817 ||| IDENTIFYING purple potion
   818 | D:1      | 818 ||| READING scroll labelled QULODGH JOTS.
   819 | D:1      | 819 ||| READING scroll labelled WEYSAL VUTYNE.
   820 | D:1      | 820 ||| DROPPING scroll of butterflies.
   847 | D:2      | 847 ||| RETREEAATING.
   856 | D:2      | 856 ||| Stepping ~*~*~tactically~*~*~ (retreating).
   857 | D:2      | 857 ||| Stepping ~*~*~tactically~*~*~ (retreating).
   859 | D:2      | 859 ||| Stepping ~*~*~tactically~*~*~ (retreating).
   860 | D:2      | 860 ||| Stepping ~*~*~tactically~*~*~ (retreating).
   861 | D:2      | 861 ||| Stepping ~*~*~tactically~*~*~ (retreating).
   865 | D:2      | Reached skill level 5 in Ranged Weapons
   865 | D:2      | Reached XP level 3. HP: 9/21 MP: 3/3
  1012 | D:2      | Identified the +2 short sword "Wemuijai" {protect, Int+6}
  1099 | D:2      | Reached skill level 3 in Fighting
  1238 | D:2      | Reached XP level 4. HP: 28/28 MP: 4/4
  1464 | D:2      | Noticed Sigmund
  1481 | D:2      | Killed Sigmund
  1482 | D:2      | Reached skill level 6 in Ranged Weapons
  1482 | D:2      | Reached XP level 5. HP: 16/32 MP: 5/5
  1482 | D:2      | Reached XP level 6. HP: 19/37 MP: 6/6
  1564 | D:2      | 1564 ||| UPGRADING to +0 ring mail.
  1574 | D:2      | 1574 ||| DROPPING +0 leather armour.
  1575 | D:2      | 1575 ||| UPGRADING to +0 cloak.
  1580 | D:2      | 1580 ||| UPGRADING to +6 ring of dexterity.
  1581 | D:2      | 1581 ||| READING scroll labelled ENGUTZ UCHYTEE.
  1581 | D:2      | 1581 ||| ENCHANTING +0 cloak.
  1582 | D:2      | 1582 ||| READING scroll labelled HIAWNI PUSSUU.
  1601 | D:3      | 1601 ||| STAIRDANCE
  1617 | D:3      | 1617 ||| STAIRDANCE
  1621 | D:3      | 1621 ||| STAIRDANCE
  1626 | D:3      | 1626 ||| STAIRDANCE
  1644 | D:3      | 1644 ||| STAIRDANCE
  1648 | D:2      | Reached skill level 1 in Armour
  1690 | D:3      | 1690 ||| STAIRDANCE
  1729 | D:3      | 1729 ||| READING scroll of enchant armour.
  1729 | D:3      | 1729 ||| ENCHANTING +1 cloak.
  2175 | D:3      | 2175 ||| READING 2 scrolls of identify.
  2175 | D:3      | 2175 ||| IDENTIFYING glowing orange potion
  2176 | D:3      | 2176 ||| READING scroll of identify.
  2176 | D:3      | 2176 ||| IDENTIFYING bubbling puce potion
  2177 | D:3      | 2177 ||| READING scroll labelled AHOXZE OT WEI.
  2331 | D:4      | Found a faded altar of an unknown god.
  2331 | D:4      | Found a burning altar of Makhleb.
  2339 | D:4      | Found a faded altar of an unknown god.
  2341 | D:4      | Found a broken altar of Ashenzari.
  2343 | D:4      | Found a shimmering altar of Xom.
  2403 | D:4      | Reached XP level 7. HP: 43/43 MP: 7/7
  2458 | D:4      | Reached skill level 7 in Ranged Weapons
  2493 | D:4      | Noticed Robin
  2494 | D:4      | 2494 ||| FLEEEEING.
  2495 | D:4      | 2495 ||| FLEEEEING.
  2496 | D:4      | 2496 ||| FLEEEEING.
  2806 | D:4      | Killed Robin
  2937 | D:4      | Found a runed translucent door.
  2938 | D:4      | Noticed Crazy Yiuf
  3011 | D:4      | Noticed Grinder
  3014 | D:4      | Paralysed by Grinder for 2 turns
  3030 | D:4      | Killed Grinder
  3031 | D:4      | Reached skill level 8 in Ranged Weapons
  3297 | D:4      | 3297 ||| UPGRADING to +0 helmet.
  3302 | D:4      | 3302 ||| UPGRADING to +0 pair of boots.
  3307 | D:4      | 3307 ||| READING scroll of identify.
  3307 | D:4      | 3307 ||| IDENTIFYING bubbling black potion
  3308 | D:4      | 3308 ||| DRINKING 2 smoky orange potions.
  3309 | D:4      | 3309 ||| DRINKING 2 fuming pink potions.
  3310 | D:4      | 3310 ||| DROPPING potion of attraction.
  3333 | D:5      | Entered Level 5 of the Dungeon
  3354 | D:5      | Reached XP level 8. HP: 45/48 MP: 8/8
  3404 | D:5      | 3404 ||| DRINKING pink potion.
  3514 | D:5      | Found a staircase to the Ecumenical Temple.
  3515 | D:5      | 3515 ||| PLANNING TEMPLE
  3515 | D:5      | 3515 ||| READING scroll of identify.
  3515 | D:5      | 3515 ||| IDENTIFYING coppery potion
  3527 | D:5      | 3527 ||| READING scroll labelled GOCWUI CAELIHA.
  3531 | D:5      | 3531 ||| DROPPING potion of berserk rage.
  3556 | Temple   | Entered the Ecumenical Temple
  3557 | Temple   | 3557 ||| PLANNING OKAWARU WORSHIP
  3561 | Temple   | Became a worshipper of Warmaster Okawaru
  3562 | Temple   | 3562 ||| PLANNING D:1-11
  3709 | D:5      | Identified the ring "Obodi" {Wiz rPois Dex+4}
  3956 | D:5      | Reached skill level 9 in Ranged Weapons
  4030 | D:5      | 4030 ||| DROPPING amulet of magic regeneration.
  4031 | D:5      | 4031 ||| UPGRADING to ring "Obodi" {Wiz rPois Dex+4}.
  4032 | D:5      | 4032 ||| READING 2 scrolls of identify.
  4032 | D:5      | 4032 ||| IDENTIFYING murky coppery potion
  4033 | D:5      | 4033 ||| READING scroll of identify.
  4033 | D:5      | 4033 ||| IDENTIFYING scroll labelled OPTICK KESIN
  4034 | D:5      | 4034 ||| DROPPING scroll of vulnerability.
  4035 | D:5      | 4035 ||| DROPPING potion of brilliance.
  4083 | D:6      | 4083 ||| Stepping ~*~*~tactically~*~*~ (cloud).
  4094 | D:6      | Reached skill level 3 in Dodging
  4094 | D:6      | 4094 ||| Stepping ~*~*~tactically~*~*~ (cloud).
  4098 | D:6      | 4098 ||| FLEEEEING.
  4099 | D:6      | 4099 ||| FLEEEEING.
  4100 | D:6      | 4100 ||| FLEEEEING.
  4101 | D:6      | 4101 ||| FLEEEEING.
  4111 | D:6      | Reached skill level 3 in Armour
  4358 | D:6      | Found a sacrificial altar of Ru.
  4406 | D:6      | 4406 ||| Stepping ~*~*~tactically~*~*~ (retreating).
  4421 | D:6      | Reached * piety under Okawaru
  4422 | D:6      | Reached skill level 6 in Fighting
  4442 | D:6      | Reached skill level 1 in Invocations
  4442 | D:6      | Reached XP level 9. HP: 40/56 MP: 8/10
  4502 | D:6      | 4502 ||| RETREEAATING.
  4503 | D:6      | 4503 ||| STILL RETREEAATING.
  4614 | D:6      | Reached skill level 3 in Invocations
  4988 | D:6      | 4988 ||| DROPPING ring of wizardry.
  5033 | D:7      | Noticed Maurice
  5042 | D:7      | 5042 ||| DRINKING 2 potions of curing.
  5042 | D:7      | 5042 ||| (to cure confusion)
  5060 | D:7      | Killed Maurice
  5060 | D:7      | Reached ** piety under Okawaru
  5061 | D:7      | Reached skill level 10 in Ranged Weapons
  5268 | D:7      | HP: 14/57 [orc warrior/+0 trident (10)]
  5269 | D:7      | 5269 ||| READING scroll of teleportation.
  5269 | D:7      | HP: 5/57 [orc warrior/+0 trident (9)]
  5270 | D:7      | 5270 ||| DRINKING potion of heal wounds.
  5553 | D:7      | Found a stormy altar of Qazlal.
  5720 | D:7      | 5720 ||| UPGRADING to +0 acid dragon scales.
  5730 | D:7      | 5730 ||| DROPPING +0 ring mail.
  5731 | D:7      | 5731 ||| READING scroll of identify.
  5731 | D:7      | 5731 ||| IDENTIFYING yellow potion
  5732 | D:7      | 5732 ||| READING scroll labelled FAILEPH FYFEI.
  5733 | D:7      | 5733 ||| READING 2 scrolls labelled ZOKHUCZIMIU.
  5733 | D:7      | 5733 ||| BRANDING +0 shortbow.
  5734 | D:7      | 5734 ||| READING scroll of brand weapon.
  5734 | D:7      | 5734 ||| BRANDING +0 shortbow of freezing.
  5735 | D:7      | 5735 ||| DROPPING potion of lignification.
  5910 | D:8      | 5910 ||| Stepping ~*~*~tactically~*~*~ (cloud).
  5982 | D:8      | Reached *** piety under Okawaru
  5983 | D:8      | Reached XP level 10. HP: 63/63 MP: 13/13
  6022 | D:8      | Noticed a two-headed ogre
  6029 | D:8      | Killed a two-headed ogre
  6030 | D:8      | Reached skill level 11 in Ranged Weapons
  6222 | D:8      | 6222 ||| Stepping ~*~*~tactically~*~*~ (retreating).
  6229 | D:8      | Reached **** piety under Okawaru
  6496 | D:8      | 6496 ||| UPGRADING to amulet of reflection.
  6501 | D:8      | 6501 ||| READING scroll of identify.
  6501 | D:8      | 6501 ||| IDENTIFYING scroll labelled QUNIK GISYAG
  6502 | D:8      | 6502 ||| DROPPING scroll of fog.
  6531 | D:9      | Reached skill level 6 in Invocations
  6543 | D:9      | 6543 ||| FLEEEEING.
  6544 | D:9      | 6544 ||| FLEEEEING.
  6545 | D:9      | 6545 ||| FLEEEEING.
  6608 | D:9      | Reached ***** piety under Okawaru
  6676 | D:9      | 6676 ||| DRINKING potion of resistance.
  6681 | D:9      | Noticed a centaur warrior
  6682 | D:9      | 6682 ||| INVOKING Finesse.
  6688 | D:9      | Reached skill level 12 in Ranged Weapons
  6689 | D:9      | HP: 10/64 [centaur warrior/arrow (19)]
  6693 | D:9      | Killed a centaur warrior
  6694 | D:9      | Reached XP level 11. HP: 10/68 MP: 11/16
  6694 | D:9      | 6694 ||| FLEEEEING.
  6698 | D:9      | 6698 ||| FLEEEEING.
  6699 | D:9      | 6699 ||| FLEEEEING.
  6706 | D:9      | 6706 ||| FLEEEEING.
  6707 | D:9      | 6707 ||| FLEEEEING.
  6708 | D:9      | 6708 ||| FLEEEEING.
  6709 | D:9      | 6709 ||| FLEEEEING.
  6710 | D:9      | 6710 ||| FLEEEEING.
  6711 | D:9      | 6711 ||| FLEEEEING.
  6762 | D:9      | Noticed a cyclops
  6763 | D:9      | 6763 ||| FLEEEEING.
  6764 | D:9      | 6764 ||| FLEEEEING.
  6765 | D:9      | 6765 ||| FLEEEEING.
  6768 | D:9      | 6768 ||| STAIRDANCE
  6886 | D:9      | Killed a cyclops
  6887 | D:9      | 6887 ||| STAIRDANCE
  7139 | D:9      | Noticed a centaur warrior
  7147 | D:9      | Noticed a deep elf pyromancer
  7148 | D:9      | Killed a centaur warrior
  7148 | D:9      | Received a gift from Okawaru
  7150 | D:9      | Killed a deep elf pyromancer
  7205 | D:9      | 7205 ||| FLEEEEING.
  7311 | D:9      | Found the dreamshard necklace {Acrobat *Dream}
  7313 | D:9      | Identified the +5 scimitar "Oplimaep" {flame, Str+2}
  7313 | D:9      | Identified the +9 plate armour "Saul" {rC+ rN+ Will+}
  7335 | D:9      | Noticed a two-headed ogre
  7336 | D:9      | 7336 ||| RETREEAATING.
  7338 | D:9      | 7338 ||| STILL RETREEAATING.
  7339 | D:9      | 7339 ||| STILL RETREEAATING.
  7340 | D:9      | 7340 ||| Stepping ~*~*~tactically~*~*~ (retreating).
  7341 | D:9      | 7341 ||| Stepping ~*~*~tactically~*~*~ (retreating).
  7343 | D:9      | 7343 ||| INVOKING Finesse.
  7345 | D:9      | Reached skill level 9 in Invocations
  7353 | D:9      | Killed a two-headed ogre
  7370 | D:9      | Received a gift from Okawaru
  7371 | D:9      | 7371 ||| FLEEEEING.
  7373 | D:9      | 7373 ||| FLEEEEING.
  7374 | D:9      | 7374 ||| FLEEEEING.
  7375 | D:9      | 7375 ||| FLEEEEING.
  7376 | D:9      | 7376 ||| FLEEEEING.
  7378 | D:9      | 7378 ||| FLEEEEING.
  7379 | D:9      | 7379 ||| FLEEEEING.
  7380 | D:9      | 7380 ||| FLEEEEING.
  7381 | D:9      | 7381 ||| FLEEEEING.
  7382 | D:9      | 7382 ||| FLEEEEING.
  7383 | D:9      | 7383 ||| FLEEEEING.
  7384 | D:9      | 7384 ||| FLEEEEING.
  7385 | D:9      | 7385 ||| FLEEEEING.
  7386 | D:9      | 7386 ||| FLEEEEING.
  7388 | D:9      | 7388 ||| FLEEEEING.
  7389 | D:9      | 7389 ||| FLEEEEING.
  7462 | D:9      | 7462 ||| SWAPPING to +0 orcbow.
  7463 | D:9      | 7463 ||| DROPPING +0 heavy shortbow.
  7473 | D:9      | Noticed a cyclops
  7474 | D:9      | 7474 ||| Stepping ~*~*~tactically~*~*~ (retreating).
  7477 | D:9      | 7477 ||| Stepping ~*~*~tactically~*~*~ (retreating).
  7481 | D:9      | 7481 ||| Stepping ~*~*~tactically~*~*~ (retreating).
  7482 | D:9      | 7482 ||| Stepping ~*~*~tactically~*~*~ (retreating).
  7496 | D:9      | Killed a cyclops
  7594 | D:9      | 7594 ||| Stepping ~*~*~tactically~*~*~ (cloud).
  7614 | D:9      | 7614 ||| READING scroll of enchant armour.
  7614 | D:9      | 7614 ||| ENCHANTING +0 acid dragon scales.
  8125 | D:9      | Reached skill level 13 in Ranged Weapons
  8195 | D:9      | Found a hazy altar of Hepliaklqana.
  8274 | D:9      | Noticed a skeletal warrior
  8294 | D:9      | HP: 13/68 [skeletal warrior/+0 hand axe (13)]
  8298 | D:9      | Mangled by a skeletal warrior

Levels and vault maps discovered:
D:1:      nzn_arrival_depleted_hourglass, layout_loops_ring,
          ebering_ecumenical_altar_petrified
D:2:      layout_basic, uniq_sigmund
D:3:      layout_rooms
D:4:      layout_loops_ring, chequers_temple_overflow_minitemple,
          abandoned_shop, dk_vineyard_3, uniq_crazy_yiuf_cottage, uniq_robin,
          uniq_grinder
D:5:      layout_cave_pools, minmay_temple_entry_stoned_glass, corner_web_ring,
          fountainhead
D:6:      layout_basic, nicolae_ru_path_of_blood, nrook_campfire
D:7:      layout_rooms, nicolae_qazlal_eye_of_the_storm, uniq_maurice
D:8:      layout_basic
D:9:      minmay_the_grid_3x3 [minmay_the_grid_minigrid_small_alt,
          minmay_the_grid_zigzag_pyramid, minmay_the_grid_fan,
          minmay_the_grid_spin_star, minmay_the_grid_expand,
          minmay_the_grid_dragon_a, minmay_the_grid_dragon_b,
          minmay_the_grid_aliased_spiral,
          minmay_the_grid_prize_shrinking_boxes], layout_gridville,
          mainiacjoe_overflow_chevrons
Temple:   hellmonk_temple_of_storms

Skill      XL: |  1  2  3  4  5  6  7  8  9 10 11 |
---------------+----------------------------------+-----
Ranged Weapons | 5 6 8 9 10 12 13 | 13.0
Fighting       | 3 4 6 7 8 |  8.0
Armour         | 1 2 3 4 5 |  5.0
Dodging        | 2 3 4 5 |  5.0
Invocations    | 1 4 7 10 | 10.0
Stealth        | |  1.1

Action                     |  1- 3 |  4- 6 |  7- 9 | 10-12 || total
---------------------------+-------+-------+-------+-------++-------
   Fire: Shortbow          |   126 |   165 |   480 |   181 ||   952
         Orcbow            |       |       |       |    88 ||    88
 Invoke: Finesse           |       |       |       |     2 ||     2
    Use: Scroll            |     3 |     6 |    10 |     2 ||    21
         Potion            |       |       |     5 |     1 ||     6
 Armour: Leather armour    |    70 |     7 |       |       ||    77
         Ring mail         |       |    63 |   298 |       ||   361
         Acid dragon scale |       |       |    11 |   106 ||   117
  Dodge: Dodged            |    89 |    62 |   257 |   102 ||   510
  Block: Other             |       |       |       |    23 ||    23
         Reflection        |       |       |       |     4 ||     4

Table legend:
 A = Non-vault XP
 B = Vault XP
 C = Vault XP percentage of total XP
 D = Non-vault monster count
 E = Vault monster count
 F = Vault count percentage of total count
                 A         B        C        D         E       F
            +---------+---------+-------+---------+---------+-------
      Total |    7882 |    8795 |  52.7 |     176 |      44 |  20.0
            +---------+---------+-------+---------+---------+-------
        D:1 |      30 |       0 |   0.0 |      16 |       0 |   0.0
        D:2 |     118 |     226 |  65.7 |      29 |       1 |   3.3
        D:3 |     113 |       0 |   0.0 |      27 |       0 |   0.0
        D:4 |     334 |     320 |  48.9 |      26 |      14 |  35.0
        D:5 |     466 |       0 |   0.0 |      15 |       0 |   0.0
        D:6 |    1327 |       0 |   0.0 |      21 |       0 |   0.0
        D:7 |     433 |     559 |  56.4 |       8 |       1 |  11.1
        D:8 |    3117 |       0 |   0.0 |      21 |       0 |   0.0
        D:9 |    1944 |    7690 |  79.8 |      13 |      28 |  68.3
            +---------+---------+-------+---------+---------+-------
